 Dungeon Crawl Stone Soup version 0.28.0-43-g3370ac3207 (webtiles) character file.

Game seed: 8617613243092955905

13010 mortz the Carver (level 12, -8/79 (84) HPs)
             Began as a Human Conjurer on Mar 21, 2022.
             Was a Priest of Makhleb.
             Mangled by a spectral orc knight
             ... wielding a +3 great sword
             ... summoned by Nergalle
              (26 damage)
             ... on level 10 of the Dungeon on Mar 23, 2022.
             The game lasted 01:41:34 (12385 turns).

mortz the Carver (Human Conjurer)                  Turns: 12385, Time: 01:41:35

HP:   -8/79 (84)    AC: 13    Str: 13    XL:     12   Next: 27%
MP:   16/23         EV: 13    Int: 26    God:    Makhleb [***...]
Gold: 371           SH:  3    Dex: 12    Spells: 14/26 levels left

rFire   + . .      SeeInvis .   q - +8 demon blade "Leech" {vamp, Harm Drain rN+, long}
rCold   + . .      Faith    .   N - +0 buckler
rNeg    + . .      Spirit   .   P - +2 robe {rC+ rF+}
rPois   .          Reflect  .   w - +1 helmet
rElec   +          Harm     +   m - scarf {repulsion}
rCorr   .          Rampage  .   J - +0 pair of gloves
Will    +....                   k - +1 pair of boots
Stlth   +++.......              S - amulet of magic regeneration {@e2}
HPRegen 0.23/turn               r - +4 ring of protection
MPRegen 0.58/turn               Y - ring of Daamer {Drain rElec Will+ Str+4 Int+4}

@: drained, repel missiles
A: no striking features
a: Renounce Religion, Minor Destruction, Lesser Servant of Makhleb


You were on level 10 of the Dungeon.
You worshipped Makhleb.
Makhleb was most pleased with you.
You visited 2 branches of the dungeon, and saw 11 of its levels.
You also visited: Bailey.

You collected 641 gold pieces.
You spent 270 gold pieces at shops.


   Skills:
 + Level 4.4 Fighting
 * Level 12.2 Long Blades
 + Level 0.1 Maces & Flails
 + Level 1.6 Armour
 + Level 5.4 Dodging
 + Level 4.3 Stealth
 + Level 1.2 Shields
 + Level 7.6 Spellcasting
 + Level 9.1 Conjurations
 + Level 3.1 Earth Magic


You had 14 spell levels left.
You knew the following spells:

 Your Spells              Type           Power      Damage    Failure   Level
a - Magic Dart            Conj           100%       1d8       1%          1
b - Searing Ray           Conj           100%       2d8       1%          2
c - Stone Arrow           Conj/Erth      84%        3d12      1%          3
d - Passwall              Tmut/Erth      15%        N/A       6%          2
e - Iskenderun's Mystic   Conj/Tloc      33%        2d8       12%         4

Your spell library contained the following spells:

 Spells                   Type           Power      Damage    Failure   Level
 Sandblast                Erth           52%        2d12      1%          1
 Dazzling Flash           Conj/Hex       66%        N/A       3%          3
 Sting                    Tmut/Pois      36%        1d4       8%          1
 Poisonous Vapours        Pois/Air       18%        N/A       12%         2
 Fulminant Prism          Conj/Hex       16%        3d11      12%         4
 Olgreb's Toxic Radiance  Pois           9%         N/A       58%         4

Inventory:

Hand Weapons
 i - a +0 falchion {long}
   (You took it off an orc on level 3 of the Dungeon)
 q - the +8 demon blade "Leech" (weapon) {vamp, Harm Drain rN+, long}
   (You found it on level 3 of the Dungeon)

   It heals its wielder for a portion of the damage dealt every time it strikes
   a living foe.
   rN:        It protects you from negative energy.
   Drain:     It drains your maximum health when unequipped.
   Harm:      It increases damage dealt and taken.
 u - a +1 dagger of freezing {short}
   (You took it off a goblin on level 3 of the Dungeon)
 v - a +0 trident of venom {polearm}
   (You took it off a gnoll sergeant on level 8 of the Dungeon)
 x - a +2 vorpal flail {mace}
   (You took it off Edmund on level 4 of the Dungeon)
 K - a +3 dagger of venom {short}
   (You took it off an orc on level 8 of the Dungeon)
 L - a +4 flail {mace}
   (You took it off a wight on level 9 of the Dungeon)
 O - a +0 scimitar of flaming {long}
   (You took it off Erica on level 9 of the Dungeon)
 X - the +4 spear of Youthful Indiscretion {drain, rF- Str+5, polearm}
   (You found it on level 10 of the Dungeon)

   A truly terrible weapon, it drains the life of any living foe it strikes.
   Str:       It affects your strength (+5).
   rF:        It makes you vulnerable to fire.
Missiles
 b - 4 boomerangs {throwing}
 c - 20 arrows
 f - 216 stones {throwing}
 y - 6 javelins {throwing}
 E - 19 poisoned darts {throwing}
 G - 5 silver javelins {throwing}
Armour
 k - a +1 pair of boots (worn)
   (You found it on level 2 of the Dungeon)
 m - a scarf of repulsion (worn)
   (You found it on level 2 of the Dungeon)
 w - a +1 helmet (worn)
   (You took it off Robin on level 4 of the Dungeon)
 D - the +2 robe of Weujusal {rN+}
   (You found it on level 6 of the Dungeon)

   rN:        It protects you from negative energy.
 J - a +0 pair of gloves (worn)
   (You found it on level 6 of the Dungeon)
 M - +0 steam dragon scales
   (You found it on level 7 of the Dungeon)
 N - a +0 buckler (worn)
   (You took it off a gnoll sergeant on level 8 of the Dungeon)
 P - a +2 robe of resistance (worn)
   (You took it off Erica on level 9 of the Dungeon)
Magical Staves
 A - a staff of air {!astaff}
   (You found it on level 5 of the Dungeon)
Jewellery
 e - a ring of resist corrosion
   (You found it on level 1 of the Dungeon)
 h - a ring of protection from cold
   (You found it on level 1 of the Dungeon)
 r - a +4 ring of protection (left hand)
   (You found it on level 7 of the Dungeon)
 S - an amulet of magic regeneration (around neck) {@e2}
   (You found it on level 9 of the Dungeon)
 Y - the ring of Daamer (right hand) {Drain rElec Will+ Str+4 Int+4}
   (You found it on level 10 of the Dungeon)

   [ring of willpower]

   Str:       It affects your strength (+4).
   Int:       It affects your intelligence (+4).
   rElec:     It insulates you from electricity.
   Drain:     It drains your maximum health when unequipped.
   Will:      It increases your willpower.
Wands
 p - a wand of mindburst (9)
   (You took it off Maurice on level 10 of the Dungeon)
 C - a wand of iceblast (9)
   (You found it on level 5 of the Dungeon)
Scrolls
 g - a scroll of magic mapping {!r}
 l - 4 scrolls of fear
 n - a scroll of blinking {!r}
 z - 3 scrolls of amnesia
 I - a scroll of fog
 R - a scroll of teleportation {@r4}
 V - 3 scrolls of immolation {!r!r}
 W - a scroll of summoning
 Z - a scroll of identify {@r1}
Potions
 a - 2 potions of flight
 d - 2 potions of attraction {!q}
 j - a potion of haste {unknown}
 o - 4 potions of lignification {!q}
 s - 3 potions of cancellation
 t - 3 potions of curing {@q1}
 B - a potion of invisibility {unknown}
 F - a potion of might
 H - 2 potions of mutation {unknown}
 Q - a potion of heal wounds {unknown}
 T - a potion of degeneration {unknown}
 U - a potion of magic {unknown}

Dungeon Overview and Level Annotations

Branches:
Dungeon (10/15)            Temple (1/1) D:6            Lair (0/6) D:9
 Bailey (visited)
    Orc: D:9-12

Altars:
Ashenzari
Cheibriados
Dithmenos
Elyvilon
Fedhas
Gozag
Hepliaklqana
Kikubaaqudgha
Makhleb
Nemelex Xobeh
Okawaru
Qazlal
Ru
Sif Muna
Trog
Uskayaw
Vehumet
Wu Jian
Xom
Yredelemnul
Zin
The Shining One

Shops:
D:3 (!?[   D:7 :

Portals:
Trove: D:10 (give 3 potions of resistance)

Annotations:
D:6 2 transporters, Kae's ghost, novice OpBe
D:8 3 runed translucent doors, Tayschli's ghost, novice DECj
D:10 Nergalle

...................
..................
#....###.########. #)...# #.# #.
#.)..# #.# ##. # #.)..# #.# #..
.. #o)..# #.######### .#
#Z######.......... #.# #@#
##............ ...########.###.#
#.............
..............#Z###...⌠..#######
....####......#...........#
...<####......#####......#######
......)..)...................#..
≈≈..####.....................#..
≈...####.....................#..
............................#..


You could see Nergalle, a spectral orc (summoned) and a spectral orc knight
(summoned).


Message History

You see here a +0 club {mace}.
Items here: " ( ) †.
E - 19 poisoned darts {throwing} (gained 6)
You can't carry that many items.
Aiming: Magic Dart (safe; 1% risk of failure)
Press: ? - help, Q - select action, (/) - cycle Shift-Dir - straight line, f - Nergalle
Aim: Nergalle, wielding a +0 spear, wearing a +0 robe and wearing an amulet of faith (wandering, hasn't noticed you, 100% to hit)
The magic dart hits Nergalle but does no damage.
Nergalle shouts!
You hear a shout!
Aiming: Magic Dart (safe; 1% risk of failure)
Press: ? - help, Q - select action, (/) - cycle Shift-Dir - straight line, f/p - Nergalle
Aim: Nergalle, wielding a +0 spear, wearing a +0 robe and wearing an amulet of faith (100% to hit)
The magic dart hits Nergalle. 😎 MP[-1]
You lost 1 mp, and now have 22/23 mp.
Casting: Magic Dart (safe; 1% risk of failure)
Confirm with . or Enter, or press ? or * to list all spells.
Aiming: Stone Arrow (safe; 1% risk of failure)
Press: ? - help, Shift-Dir - straight line, f/p - Nergalle
Aim: Nergalle, wielding a +0 spear, wearing a +0 robe and wearing an amulet of faith (lightly wounded, 73% to hit)
The stone arrow hits Nergalle!!
Nergalle points at you and mumbles some strange words.
Orcish apparitions take form around you. 😎 MP[-2]
You lost 2 mp, and now have 20/23 mp.
Casting: Stone Arrow (safe; 1% risk of failure)
Confirm with . or Enter, or press ? or * to list all spells.
Aiming: Stone Arrow (safe; 1% risk of failure)
Press: ? - help, Shift-Dir - straight line, f/p - Nergalle
Aim: Nergalle, wielding a +0 spear, wearing a +0 robe and wearing an amulet of faith (heavily wounded, 73% to hit)
The stone arrow hits Nergalle!! 😎 MP[-3]
You lost 3 mp, and now have 17/23 mp. 😎 MP[+1]
The spectral orc warrior barely misses you.
Things that are here:
a +0 short sword {short}; a +0 dagger {short} 😎 MP[+1] Nergalle casts a spell at you.
The bolt of negative energy hits the spectral orc knight.
The spectral orc knight completely resists.
The bolt of negative energy hits you! You partially resist.
You feel drained. 😕 HP[-22] MP[+1]
You now have 81 max hp (-3).
You take 22 damage, and now have 62/81 hp.
MASSIVE DAMAGE!! (PAUSE)
Casting: Stone Arrow (safe; 1% risk of failure)
Confirm with . or Enter, or press ? or * to list all spells.
Aiming: Searing Ray (safe; 1% risk of failure)
Press: ? - help, Shift-Dir - straight line, p - Nergalle The searing ray hits the spectral orc knight! (Press . to maintain the ray.)
The spectral orc knight closely misses you. 😕 MP[-2]
You lost 2 mp, and now have 18/23 mp.
The searing ray hits the spectral orc knight.
The searing ray hits the spectral orc warrior!
The searing ray hits Nergalle!
The spectral orc knight hits you with a +3 great sword! 😮 HP[-20]
You take 20 damage, and now have 42/81 hp.
MASSIVE DAMAGE!! (PAUSE)
The searing ray hits the spectral orc knight.
The searing ray hits the spectral orc warrior.
The searing ray misses Nergalle.
Nergalle casts a spell at the spectral orc warrior.
The spectral orc warrior seems to speed up.
The spectral orc knight hits you but does no damage. 😮 HP[+1] MP[-1]
You lost 1 mp, and now have 17/23 mp.
The searing ray hits the spectral orc knight.
The searing ray hits the spectral orc warrior.
The searing ray hits Nergalle.
You finish channelling your searing ray.
Nergalle points at you and mumbles some strange words.
Orcish apparitions take form around you.
The spectral orc knight hits you with a +3 great sword!!
* * * LOW HITPOINT WARNING * * *
You partially resist.
You feel drained.
* * * LOW HITPOINT WARNING * * *
😱 HP[-25]
You now have 79 max hp (-2).
You take 25 damage, and now have 18/79 hp.
MASSIVE DAMAGE!! (PAUSE)
Casting: Searing Ray (safe; 1% risk of failure)
Confirm with . or Enter, or press ? or * to list all spells.
Aiming: Searing Ray (safe; 1% risk of failure)
Press: ? - help, Shift-Dir - straight line, f/p - Nergalle
Aim: Nergalle, wielding a +0 spear, wearing a +0 robe and wearing an amulet of faith (almost dead, 81% to hit)
The searing ray hits the spectral orc knight.
The searing ray hits the spectral orc warrior!
You destroy the spectral orc warrior!
The spectral orc warrior disappears in a puff of smoke!
The searing ray hits Nergalle. (Press . to maintain the ray.)
The spectral orc knight hits you with a +3 great sword!!
You die...

Skill      XL: |  1  2  3  4  5  6  7  8  9 10 11 12 |
---------------+-------------------------------------+-----
Conjurations   | 5 6 7 8 9 |  9.1
Long Blades    | 1 2 4 6 9 11 12 | 12.2
Spellcasting   | 3 4 6 7 |  7.6
Stealth        | 3 4 |  4.3
Fighting       | 1 2 3 4 |  4.4
Dodging        | 3 4 5 |  5.4
Armour         | 1 |  1.6
Earth Magic    | 1 2 3 |  3.1
Shields        | 1 |  1.2
Maces & Flails | |  0.1

Action                   |  1- 3 |  4- 6 |  7- 9 | 10-12 || total
-------------------------+-------+-------+-------+-------++-------
Melee: Club              |     9 |       |       |       ||     9
       Demon blade       |       |     7 |   169 |   143 ||   319
       Punch             |       |       |     1 |     1 ||     2
 Cast: Magic Dart        |    43 |    60 |    48 |   102 ||   253
       Searing Ray       |     3 |    23 |    18 |    51 ||    95
       Stone Arrow       |       |       |     9 |    46 ||    55
  Use: Scroll            |       |     4 |     4 |     9 ||    17
       Potion            |       |       |       |     1 ||     1
 Stab: Sleeping          |       |       |     4 |       ||     4
Armor: Robe              |     3 |     1 |    12 |    66 ||    82
       Plate armour      |       |       |    45 |       ||    45
       Steam dragon scal |       |       |     2 |    21 ||    23
Dodge: Dodged            |    14 |    12 |    64 |   131 ||   221
       Repelled          |       |       |     2 |     1 ||     3
Block: Buckler           |       |       |       |    23 ||    23

Levels and vault maps discovered:
D:1:      lightli_arrival_windingriver, layout_rooms,
          shapermc_ecumenical_altar_mp_urbaneastern
D:2:      layout_loops_cross
D:3:      layout_basic, serial_shops, nicolae_shop_competitors_out_of_business,
          nicolae_lakefront_shop, nicolae_shop_crystal, shop, uniq_jessica
D:4:      layout_cave_pools, grunt_ministairs_15, uniq_robin, uniq_natasha,
          uniq_edmund
D:5:      layout_basic, grunt_decor_junction
D:6:      layout_basic, temple_green, gammafunk_ghost_smash
D:7:      layout_gridville, serial_shops, nicolae_shop_hallway_stairs
D:8:      layout_rooms, kennysheep_little_box, ebering_ghost_rock_garden,
          nicolae_grassy_gnolls
D:9:      layout_roguey, erik_lair_island, enter_bailey_3,
          minmay_fractal_squares_5, uniq_joseph, uniq_erica
D:10:     layout_basic, nicolae_trove_entry_path_of_doom, solitary_fountain,
          uniq_maurice, uniq_nergalle, uniq_grum
Temple:   minmay_crystal_snake_temple

Notes
Turn   | Place    | Note
-------+----------+-------------------------------------------
     0 | D:1      | mortz the Human Conjurer began the quest for the Orb.
     0 | D:1      | Reached XP level 1. HP: 13/13 MP: 3/3
     0 | D:1      | magus.rc [v1.9.6]
   314 | D:1      | Reached XP level 2. HP: 19/19 MP: 1/5
   391 | D:1      | Learned a level 2 spell: Searing Ray
   714 | D:1      | Found a faded altar of an unknown god.
   819 | D:2      | Reached XP level 3. HP: 24/24 MP: 2/6
  1199 | D:2      | Reached XP level 4. HP: 30/30 MP: 3/7
  1679 | D:2      | Reached skill level 5 in Conjurations
  2118 | D:3      | Found Boidocs's Antique Weapon Shop.
  2192 | D:3      | Found the +8 demon blade "Leech" {vamp, Harm Drain rN+}
  2203 | D:3      | Found Buost's Magic Scroll Boutique.
  2207 | D:3      | Reached XP level 5. HP: 30/35 MP: 3/9
  2440 | D:3      | Reached skill level 1 in Long Blades
  2789 | D:3      | Noticed Jessica
  2790 | D:3      | Killed Jessica
  2881 | D:3      | Found Wepi's Distillery.
  2886 | D:3      | Reached skill level 3 in Spellcasting
  2894 | D:3      | Bought 2 potions of curing for 72 gold pieces
  2950 | D:3      | Found Nyf Mios's Antique Armour Shoppe.
  3110 | D:3      | Reached XP level 6. HP: 41/41 MP: 7/10
  3209 | D:3      | magus.rc [v1.9.6]
  3214 | D:4      | Noticed Natasha
  3216 | D:4      | Killed Natasha
  3217 | D:4      | Reached skill level 2 in Long Blades
  3821 | D:4      | Noticed Robin
  3841 | D:4      | Reached XP level 7. HP: 45/46 MP: 9/12
  3906 | D:4      | Killed Robin
  3907 | D:4      | Reached skill level 3 in Stealth
  4010 | D:4      | Noticed Natasha
  4012 | D:4      | Killed Natasha
  4264 | D:4      | Noticed Edmund
  4267 | D:4      | Noticed Natasha
  4273 | D:4      | Killed Edmund
  4274 | D:4      | Reached skill level 3 in Long Blades
  4276 | D:4      | Killed Natasha
  4382 | D:4      | Reached skill level 1 in Fighting
  4481 | D:4      | Reached skill level 4 in Long Blades
  4584 | D:4      | Reached XP level 8. HP: 51/54 MP: 4/13
  4924 | D:5      | Entered Level 5 of the Dungeon
  5103 | D:5      | Reached skill level 5 in Long Blades
  5112 | D:5      | Reached skill level 3 in Dodging
  5112 | D:5      | Reached skill level 6 in Conjurations
  5338 | D:5      | Reached skill level 4 in Spellcasting
  5465 | D:5      | Reached skill level 6 in Long Blades
  5647 | D:5      | Reached skill level 2 in Fighting
  5734 | D:6      | Identified the +2 robe of Weujusal {rN+}
  5793 | D:6      | Noticed Kae's ghost (novice OpBe)
  5817 | D:6      | Found a transporter.
  5817 | D:6      | Identified the +6 giant spiked club "Xoim" {vorpal, Int+5
                  | Dex+5}
  5817 | D:6      | Noticed a two-headed ogre
  5821 | D:6      | Found a transporter.
  5995 | D:6      | Reached XP level 9. HP: 58/61 MP: 15/15
  6027 | D:6      | Reached skill level 7 in Long Blades
  6126 | D:6      | Found a staircase to the Ecumenical Temple.
  6147 | Temple   | Entered the Ecumenical Temple
  6331 | Temple   | Became a worshipper of Makhleb the Destroyer
  6745 | D:7      | Found Kephaf's Book Shoppe.
  6824 | D:7      | Reached skill level 8 in Long Blades
  6853 | D:7      | Reached skill level 1 in Armour
  6853 | D:7      | Reached skill level 4 in Stealth
  7105 | D:7      | Bought a book of Geomancy for 198 gold pieces
  7105 | D:7      | You pick up a book of Geomancy and begin reading...
  7105 | D:7      | You add the spells Sandblast, Passwall and Stone Arrow to
                  | your library.
  7109 | D:7      | Learned a level 3 spell: Stone Arrow
  7187 | D:7      | Reached skill level 3 in Fighting
  7187 | D:7      | Reached skill level 9 in Long Blades
  7497 | D:7      | Reached * piety under Makhleb
  7625 | D:7      | You add the spells Sting, Poisonous Vapours and Olgreb's
                  | Toxic Radiance to your library.
  7891 | D:7      | Reached XP level 10. HP: 70/70 MP: 11/16
  7931 | D:7      | magus.rc [v1.9.6]
  8120 | D:8      | Reached skill level 10 in Long Blades
  8313 | D:8      | Reached skill level 1 in Earth Magic
  8430 | D:8      | magus.rc [v1.9.6]
  8474 | D:8      | Found an ancient bone altar of Kikubaaqudgha.
  8520 | D:8      | Reached skill level 5 in Spellcasting
  8652 | D:8      | Reached ** piety under Makhleb
  8874 | D:8      | magus.rc [v1.9.6]
  8877 | D:8      | Found a runed translucent gate.
  8877 | D:8      | Found a runed translucent gate.
  8877 | D:8      | Found a runed translucent gate.
  8883 | D:8      | Noticed Tayschli's ghost (novice DECj)
  8885 | D:8      | Noticed a centaur warrior
  8889 | D:8      | Killed a centaur warrior
  8890 | D:8      | Reached skill level 7 in Conjurations
  9420 | D:9      | Noticed Erica
  9442 | D:9      | Killed Erica
  9443 | D:9      | Reached skill level 11 in Long Blades
  9443 | D:9      | Reached skill level 6 in Spellcasting
  9443 | D:9      | Reached XP level 11. HP: 72/75 MP: 1/20
  9737 | D:9      | Reached skill level 4 in Dodging
  9737 | D:9      | Reached skill level 2 in Earth Magic
 10025 | D:9      | Found a flagged portal.
 10032 | Bailey   | Entered a bailey
 10038 | Bailey   | Reached skill level 4 in Fighting
 10244 | Bailey   | Noticed a vault guard
 10309 | Bailey   | Noticed a vault guard
 10309 | Bailey   | Noticed Prince Ribbit
 10346 | Bailey   | Killed a vault guard
 10347 | Bailey   | Reached skill level 8 in Conjurations
 10449 | Bailey   | Killed a vault guard
 10452 | Bailey   | Killed Prince Ribbit
 10668 | D:9      | Found a staircase to the Lair.
 11047 | D:9      | Reached *** piety under Makhleb
 11321 | D:9      | Noticed Joseph
 11329 | D:9      | Killed Joseph
 11330 | D:9      | Reached skill level 7 in Spellcasting
 11473 | D:9      | Reached skill level 12 in Long Blades
 11753 | D:9      | magus.rc [v1.9.6]
 11783 | D:10     | Entered Level 10 of the Dungeon
 11787 | D:10     | Learned a level 2 spell: Passwall
 11792 | D:10     | Learned a level 4 spell: Iskenderun's Mystic Blast
 11841 | D:10     | Reached skill level 1 in Shields
 11860 | D:10     | Reached XP level 12. HP: 84/84 MP: 16/22
 11861 | D:10     | Reached skill level 5 in Dodging
 11881 | D:10     | Noticed Nergalle
 11908 | D:10     | Noticed Maurice
 11914 | D:10     | Killed Maurice
 11940 | D:10     | Identified the +4 spear of Youthful Indiscretion {drain,
                  | rF- Str+5}
 12001 | D:10     | Identified the ring of Daamer {Drain rElec Will+ Str+4
                  | Int+4}
 12010 | D:10     | Noticed Grum
 12018 | D:10     | Killed Grum
 12019 | D:10     | Reached skill level 3 in Earth Magic
 12224 | D:10     | Reached skill level 9 in Conjurations
 12257 | D:10     | Found a portal to a secret trove of treasure.
 12384 | D:10     | HP: 18/79 [spectral orc knight/+3 great sword[Nergalle]
                  | (3)]
 12385 | D:10     | Mangled by a spectral orc knight

Vanquished Creatures
  2 vault guards (Bailey)
  Erica (D:9)
  A centaur warrior (D:8)
  A manticore (D:10)
  Maurice (D:10)
  Joseph (D:9)
  An unseen horror (D:10)
  A guardian mummy (D:10)
  2 trolls
  Prince Ribbit (Bailey)
  16 yaks
  A wraith (D:10)
  A wyvern (D:9)
  3 humans (Bailey)
  Grum (D:10)
  A steam dragon (D:7)
  Edmund (D:4)
  An acid dragon (D:9)
  2 water moccasins
  An orc warrior (D:9)
  A sky beast (D:7)
  2 ice beasts
  2 necrophages
  6 wolves
  2 ogres (D:5)
  A centaur (D:8)
  3 phantoms
  2 kobold brigands
  9 bullfrogs
  3 scorpions
  5 gnoll sergeants
  8 killer bees (D:9)
  A wight (D:9)
  2 electric eels (D:9)
  A howler monkey (D:6)
  A centaur zombie (D:6)
  12 hounds
  4 jellies
  4 orc priests
  A bullfrog skeleton (D:5)
  Jessica (D:3)
  2 iguanas
  6 orc wizards
  2 gnoll shamans
  Natasha (thrice) (D:4)
  A howler monkey zombie (D:9)
  Robin (D:4)
  29 gnolls
  9 adders
  A shadow imp (D:8)
  2 white imps
  An ufetubus (D:7)
  An adder zombie (D:4)
  A worm (D:1)
  A dart slug (D:4)
  27 orcs
  7 ball pythons
  5 endoplasms
  5 giant cockroaches
  22 goblins
  11 hobgoblins
  8 jackals
  10 kobolds
  2 quokkas
  7 bats
  A frilled lizard (D:2)
  6 rats
282 creatures vanquished.

Vanquished Creatures (others)
  12 plants (D:8)
12 creatures vanquished.

Grand Total: 294 creatures vanquished

Table legend:
 A = Non-vault XP
 B = Vault XP
 C = Vault XP percentage of total XP
 D = Non-vault monster count
 E = Vault monster count
 F = Vault count percentage of total count
                 A         B        C        D         E       F
            +---------+---------+-------+---------+---------+-------
      Total |   10889 |    7697 |  41.4 |     211 |      71 |  25.2
            +---------+---------+-------+---------+---------+-------
        D:1 |      30 |       0 |   0.0 |      16 |       0 |   0.0
        D:2 |      60 |       0 |   0.0 |      21 |       0 |   0.0
        D:3 |     149 |      41 |  21.6 |      23 |       3 |  11.5
        D:4 |     515 |     249 |  32.6 |      31 |      14 |  31.1
        D:5 |     778 |       0 |   0.0 |      15 |       0 |   0.0
        D:6 |     781 |       0 |   0.0 |      10 |       0 |   0.0
        D:7 |    1395 |       0 |   0.0 |      27 |       0 |   0.0
        D:8 |    2283 |     236 |   9.4 |      26 |       7 |  21.2
        D:9 |    2128 |    2434 |  53.4 |      25 |      19 |  43.2
       D:10 |    2770 |    1479 |  34.8 |      17 |       7 |  29.2
     Bailey |       0 |    3258 | 100.0 |       0 |      21 | 100.0
            +---------+---------+-------+---------+---------+-------

Illustrated notes

Table legend:
 A = Kills in this place as a percentage of kills in entire the game.
 B = Kills by you in this place as a percentage of kills by you in the entire game.
 C = Kills by friends in this place as a percentage of kills by friends in the entire game.
 D = Other kills in this place as a percentage of other kills in the entire game.
 E = Experience gained in this place as a percentage of experience gained in the entire game.
 F = Experience gained in this place divided by the number of levels of this place that you have seen.
                   A       B       C       D       E      F
               +-------+-------+-------+-------+-------+----------------------
         Total | 100.0 | 100.0 |   N/A |   N/A | 100.0 | 1548.8
       Dungeon |  92.6 |  92.6 |   N/A |   N/A |  82.5 | 1532.8
        Bailey |   7.4 |   7.4 |   N/A |   N/A |  17.5 | 3258.0
               +-------+-------+-------+-------+-------+----------------------

Table legend: (Time is in decaauts)
 A = Elapsed time spent in this place.
 B = Non-inter-level travel time spent in this place.
 C = Inter-level travel time spent in this place.
 D = Time resting spent in this place.
 E = Time spent auto-exploring this place.
 F = Levels seen in this place.
 G = Mean time per level.
                   A        B        C        D        E       F      G
               +--------+--------+--------+--------+--------+-----+--------+
         Total |  12374 |  12057 |    317 |   3028 |   6780 |  12 | 1031.2 |
       Dungeon |  11596 |  11315 |    281 |   2842 |   6487 |  10 | 1159.6 |
        Temple |    254 |    218 |     36 |      0 |    191 |   1 |  254.0 |
        Bailey |    522 |    522 |      0 |    186 |    102 |   1 |  522.0 |
               +--------+--------+--------+--------+--------+-----+--------+

Top non-repeatable levels by time:
     D:9: 1821 daAuts
     D:4: 1582 daAuts
     D:7: 1389 daAuts
     D:8: 1288 daAuts
     D:3: 1180 daAuts
     D:2: 1160 daAuts
     D:1: 1017 daAuts
     D:5: 807 daAuts
     D:6: 753 daAuts
    D:10: 595 daAuts
  Bailey: 522 daAuts
  Temple: 254 daAuts
